 Dungeon Crawl Stone Soup version 0.26.1-11-gd32895ea62 (webtiles) character file.

Game seed: 8715761296516229715

104 Descartes the Ducker (level 4, -9/22 HPs)
             Began as a Felid Chaos Knight on May 28, 2021.
             Was a Plaything of Xom.
             Killed from afar by an orc wizard (12 damage)
             ... with a puff of flame
             ... on level 3 of the Dungeon.
             The game lasted 00:03:41 (2638 turns).

Descartes the Ducker (Felid Chaos Knight)           Turns: 2638, Time: 00:03:41

Health: -9/22      AC:  1    Str:  9    XL:     4   Next: 52%
Magic:  5/5        EV: 21    Int: 13    God:    Xom [..*...]
Gold:   143        SH:  0    Dex: 15    Spells: 3/3 levels left
                                        Lives:  0   Deaths: 1

rFire    . . .     SeeInvis +     - Unarmed
rCold    . . .     Faith    .   (shield unavailable)
rNeg     . . .     Spirit   .   (armour unavailable)
rPois    .         Reflect  .   (helmet unavailable)
rElec    .         Harm     .   (cloak unavailable)
rCorr    .         Rampage  .   (gloves unavailable)
Will     +....                  (boots unavailable)
Stlth    +++.......             (no amulet)
HPRegen  0.07/turn              (no ring)
MPRegen  0.09/turn              (no ring)

@: quick
A: very small, no armour, no weapons or thrown items, stealth, claws 1, fangs 3,
horns 1, repulsion field 1, see invisible, speed 1, strong-willed 1, shaggy fur
1, MP-powered wands, sharp paws
a: Renounce Religion


You were on level 3 of the Dungeon.
You worshipped Xom.
You were a toy of Xom.
You visited 1 branch of the dungeon, and saw 3 of its levels.

You collected 143 gold pieces.

Inventory:

Jewellery
 c - an uncursed ring of protection from fire {unknown}
Scrolls
 a - 6 scrolls of identify {unknown}
 b - 4 scrolls of teleportation {unknown}
 d - 2 scrolls of remove curse {unknown}
 e - a scroll of amnesia {unknown}
Potions
 f - a potion of flight {unknown}
 g - a potion of might {unknown}
 h - a potion of ambrosia {unknown}
 i - a potion of curing {unknown}


   Skills:
 + Level 3.6 Fighting
 + Level 4.2 Dodging
 * Level 4.0 Stealth
 * Level 4.1 Unarmed Combat


You had 3 spell levels left.
You didn't know any spells.
Your spell library was empty.

Dungeon Overview and Level Annotations

Branches:
Dungeon (3/15)

Altars:
Xom


Innate Abilities, Weirdness & Mutations

You cannot wear armour.
You are incapable of wielding weapons or throwing items.
Your paws allow you to move quietly. (Stealth)
You have sharp claws.
You have razor-sharp teeth.
You have supernaturally acute eyesight. (SInv)
You cover ground quickly.
You are covered in fur. (AC +1)
Your sharp claws are effective at attacking unaware monsters.
You have a pair of small horns on your head.
You are surrounded by a mild repulsion field. (EV +2)
You are strong-willed. (Will+)
You expend magic power (3 MP) to strengthen your wands.


Message History

You are too injured to fight recklessly!
You are too injured to fight recklessly!
You are too injured to fight recklessly!
You are too injured to fight recklessly!
You are too injured to fight recklessly!
You are too injured to fight recklessly!
You are too injured to fight recklessly!
You are too injured to fight recklessly!
You are too injured to fight recklessly!
You are too injured to fight recklessly!
You are too injured to fight recklessly!
You are too injured to fight recklessly!
The orc wizard casts a spell at you. The magic dart hits you!
* * * LOW HITPOINT WARNING * * *
The orc wizard points at you and mumbles some strange words.
The puff of flame hits you!
Ouch! That really hurt!
You die...
Xom howls with laughter!

...#.#
#.##.###.####.....##.#
####.# #........#
##...## # #.#
####.##### #.....
####.### #.## ##.####
.......# #.#.## #.#
.###.#.# ##.###.## +#
.# #.#.# #.# ##.#
.###.#.### ##.###.##
.........# #.#@##
....##.#.#####....####
................o....+
.....###.#####..)o####
.#.#.# #.# #......
.###.###.# ######.# S
.........# .#
####.##### # #.#


You could see an orc wizard and an orc.

Vanquished Creatures
  A hound (D:2)
  An orc priest (D:2)
  4 adders
  3 oozes
  3 worms (D:2)
  2 leopard geckos (D:2)
  3 orcs
  2 ball pythons
  3 giant cockroaches
  7 goblins
  2 hobgoblins
  2 jackals (D:2)
  4 bats
  2 frilled lizards
  5 kobolds
  3 rats
47 creatures vanquished.

Notes
Turn   | Place    | Note
-------+----------+-------------------------------------------
     0 | D:1      | Descartes the Felid Chaos Knight began the quest for the
                  | Orb.
     0 | D:1      | Reached XP level 1. HP: 10/10 MP: 2/2
   136 | D:1      | XOM: silly message
   262 | D:1      | Reached skill level 1 in Stealth
   262 | D:1      | Reached XP level 2. HP: 13/14 MP: 3/3
   288 | D:1      | You fall into a shaft and drop 1 floor!
   735 | D:2      | XOM: smoke on damage
   738 | D:2      | Reached XP level 3. HP: 9/17 MP: 4/4
  1150 | D:2      | Reached XP level 4. HP: 21/21 MP: 5/5
  1153 | D:2      | XOM: divination: magic mapping
  1422 | D:2      | XOM: smoke on damage
  1424 | D:2      | Slain by a worm
  1425 | D:2      | Reached XP level 3. HP: -5/17 MP: 4/4
  1446 | D:2      | XOM: divination: detect creatures
  1534 | D:2      | Reached XP level 4. HP: 21/21 MP: 5/5
  1731 | D:2      | XOM: divination: detect creatures
  1968 | D:3      | XOM: summons 2 hostile shadow creatures
  2127 | D:3      | XOM: divination: detect creatures
  2531 | D:3      | XOM: give mutations
  2531 | D:3      | Gained mutation: You are surrounded by a mild repulsion
                  | field. (EV +2) [Xom's grace]
  2531 | D:3      | Gained mutation: You expend magic power (3 MP) to
                  | strengthen your wands. [Xom's grace]
  2531 | D:3      | Gained mutation: You are strong-willed. (Will+) [Xom's
                  | grace]
  2531 | D:3      | Gained mutation: You have a pair of small horns on your
                  | head. [Xom's grace]
  2568 | D:3      | XOM: scenery: create altars
  2586 | D:3      | XOM: scenery: 1 doors close
  2638 | D:3      | Killed from afar by an orc wizard

Illustrated notes

Levels and vault maps discovered:
D:1:      dpeg_arrival_round_a, layout_rooms, minmay_domino_2
D:2:      layout_basic, minmay_misc_feat_pillars
D:3:      layout_loops_corners, minmay_cupped

Skill      XL: |  1  2  3  4 |
---------------+-------------+-----
Stealth        | 1 2 4 |  4.0
Dodging        | 4 |  4.2
Unarmed Combat | 4 |  4.1
Fighting       | |  3.6

Action                   |  1- 3 |  4- 6 || total
-------------------------+-------+-------++-------
Melee: Unarmed           |    70 |    73 ||   143
       Bite              |     3 |     4 ||     7
 Stab: Sleeping          |     6 |     7 ||    13
Armor: Skin              |       |     1 ||     1
Dodge: Dodged            |    62 |    45 ||   107
